 Dungeon Crawl Stone Soup version 0.30-a0-457-g4b7bca3bfa (webtiles) character file.

Game seed: 2363506645004142820

33198 Bnni the Dealer of Despair (level 13, -6/96 HPs)
             Began as a Demonspawn Necromancer on Dec 13, 2022.
             Was an Elder of Kikubaaqudgha.
             Mangled by a vault guard
             ... wielding a +3 great mace
              (17 damage)
             ... on level 13 of the Dungeon.
             The game lasted 00:55:46 (14846 turns).

Bnni the Dealer of Despair (DsNe)                  Turns: 14846, Time: 00:55:47

Health: -6/96      AC: 18    Str: 17    XL:     13   Next: 35%
Magic:  15/36      EV: 12    Int: 23    God:    Kikubaaqudgha [****..]
Gold:   735        SH:  9    Dex: 20    Spells: 1/32 levels left

rFire   . . .      SeeInvis .    a - +5 dagger (freeze)
rCold   . . .      Faith    .    T - +3 warlock's mirror {reflect}
rNeg    . . .      Spirit   .    W - +2 robe {Archmagi}
rPois   .          Reflect  +    M - +0 hat {Stlth+}
rElec   .          Harm     .    A - +0 cloak
rCorr   .          Rampage  +    C - +2 pair of gloves
Will    .....      Archmagi +    F - +1 pair of boots {rampage}
Stlth   +++++++++.               (no amulet)
HPRegen 1.36/turn                z - ring of magical power
MPRegen 0.25/turn                m - ring "Xomupleu" {Fly Str+6 Int+4 Slay+2}

@: ice-armoured, animating dead, flying
A: thin skeletal structure 3, powered by death 1, demonic magic 1, weakness
stinger 2
a: Renounce Religion, Unearth Wretches


You were on level 13 of the Dungeon.
You worshipped Kikubaaqudgha.
Kikubaaqudgha was greatly pleased with you.
You visited 2 branches of the dungeon, and saw 14 of its levels.
You also visited: Sewer, Ossuary and Bailey.

You collected 983 gold pieces.
You spent 248 gold pieces at shops.

Inventory:

Hand Weapons
 a - a +5 dagger of freezing (weapon)
 s - a +3 dagger of venom
 E - the +6 short sword "Uphihob" {venom, *Corrode rElec rPois Str+7}
   (You bought it in a shop on level 6 of the Dungeon)

   It poisons the flesh of those it strikes.
   Str:       It affects your strength (+7).
   rElec:     It insulates you from electricity.
   rPois:     It protects you from poison.
   *Corrode:  It may corrode you when you take damage.
 I - a +2 vorpal spear
 Y - a +4 scimitar of flaming
Missiles
 w - 13 poisoned darts
 X - 4 curare-tipped darts
Armour
 A - a +0 cloak (worn)
 C - a +2 pair of gloves (worn)
 F - a +1 pair of boots of rampaging (worn)
 M - a +0 hat of stealth (worn)
 T - the +3 warlock's mirror (worn) {reflect}
   (You acquired it in a bailey)

   It can block and reflect piercing ranged attacks and magical attacks against
   the wielder's willpower.
 W - a +2 robe of the Archmagi (worn)
Magical Staves
 G - a staff of death
Jewellery
 f - the ring "Suoretzi" {rElec rF+ Str+6 Int-5}
   (You found it on level 13 of the Dungeon)

   [ring of strength]

   Str:       It affects your strength (+6).
   Int:       It affects your intelligence (-5).
   rF:        It protects you from fire.
   rElec:     It insulates you from electricity.
 m - the ring "Xomupleu" (right hand) {Fly Str+6 Int+4 Slay+2}
   (You acquired it in a bailey)

   [ring of strength]

   Str:       It affects your strength (+6).
   Int:       It affects your intelligence (+4).
   Slay:      It affects your accuracy & damage with ranged weapons and melee
   (+2).
   Fly:       It grants you flight.
 q - a ring of positive energy
 r - a ring of protection from cold
 z - a ring of magical power (left hand)
 S - a ring of see invisible
Wands
 L - a wand of iceblast (4)
 N - a wand of mindburst (8)
 O - a wand of paralysis (4)
Scrolls
 c - 4 scrolls of magic mapping
 d - 3 scrolls of amnesia
 e - 2 scrolls of fog {unknown}
 g - 3 scrolls of silence
 j - 5 scrolls of teleportation
 k - 5 scrolls of enchant weapon
 n - 4 scrolls of vulnerability
 p - a scroll of noise {unknown}
 t - 3 scrolls of enchant armour {unknown}
 u - 3 scrolls of immolation {unknown}
 y - 3 scrolls of fear {unknown}
 J - a scroll of brand weapon
 R - 2 scrolls of butterflies {unknown}
 U - a scroll of torment {unknown}
Potions
 b - a potion of magic
 h - 6 potions of brilliance
 i - 5 potions of haste
 l - 5 potions of curing
 o - 4 potions of might
 x - 2 potions of flight
 B - 2 potions of cancellation
 D - a potion of berserk rage
 K - a potion of invisibility
 P - a potion of attraction {unknown}
 Q - a potion of resistance {unknown}


   Skills:
 + Level 7.5 Fighting
 * Level 9.8 Short Blades
 - Level 1.7 Dodging
 + Level 10.0 Stealth
 - Level 5.0 Shields
 + Level 10.0 Spellcasting
 * Level 11.0 Necromancy
 + Level 4.3 Ice Magic


You had one spell level left.
You knew the following spells:

 Your Spells              Type           Power      Damage    Failure   Level
a - Death Channel         Necr           38%        N/A       12%         6
b - Ozocubu's Armour      Ice            47%        N/A       3%          3
c - Vampiric Draining     Necr           76%        2d11      1%          3
d - Animate Dead          Necr           76%        N/A       1%          4
e - Cigotuvi's Dreadful   Necr/Pois/Air  84%        N/A       2%          2
f - Dispel Undead         Necr           76%        3d25      1%          4
g - Agony                 Necr           76%        N/A       2%          5
h - Anguish               Hex/Necr       26%        N/A       8%          4

Your spell library contained the following spells:

 Spells                   Type           Power      Damage    Failure   Level
 Kiss of Death            Conj/Necr      100%       2d13      1%          1
 Necrotise                Necr           100%       1d9       1%          1
 Sublimation of Blood     Necr           76%        N/A       1%          2
 Ensorcelled Hibernation  Hex/Ice        64%        N/A       4%          2
 Gell's Gravitas          Tloc           17%        N/A       22%         3
 Lesser Beckoning         Tloc           34%        N/A       22%         3
 Spider Form              Tmut/Pois      17%        N/A       22%         3
 Teleport Other           Tloc           17%        N/A       22%         3
 Simulacrum               Ice/Necr       31%        N/A       43%         6
 Olgreb's Toxic Radiance  Pois           17%        N/A       56%         4
 Metabolic Englaciation   Hex/Ice        16%        N/A       63%         5
 Fireball                 Conj/Fire      8%         3d6       89%         5
 Iskenderun's Battlesphe  Conj           17%        2d7       89%         5
 Conjure Ball Lightning   Conj/Air       8%         3x3d7     100%        6
 Orb of Destruction       Conj           8%         9d6       100%        7
 Ozocubu's Refrigeration  Ice            23%        4d12      100%        7
 Ignition                 Fire           8%         3d5       100%        8


Dungeon Overview and Level Annotations

Branches:
Dungeon (13/15)            Temple (1/1) D:4            Lair (0/5) D:9
    Orc (0/2) D:9          Vaults (0/5) D:13          Sewer (visited)
Ossuary (visited)          Bailey (visited)

Altars:
Ashenzari
Cheibriados
Dithmenos
Fedhas
Gozag
Hepliaklqana
Kikubaaqudgha
Makhleb
Nemelex Xobeh
Okawaru
Qazlal
Ru
Sif Muna
Trog
Uskayaw
Vehumet
Wu Jian
Xom
Yredelemnul

Shops:
D:6 *


Innate Abilities, Weirdness & Mutations

You have an unnaturally thin skeletal structure. (Dex +6, Stealth+++)
You regenerate a little health from kills.
Spells you cast may paralyse adjacent enemies.
You have a tail ending in a sharp stinger.


Message History

Aiming: Vampiric Draining (safe; 1% risk of failure)
Press: ? - help, Shift-Dir - straight line, f/p - vault guard
Aim: a vault guard, wielding a +3 great mace and wearing a +0 chain mail (heavily wounded)
Okay, then.
Press: ? - help, v - describe, . - travel
Here: a vault guard, wielding a +3 great mace and wearing a +0 chain mail (heavily wounded)
The floor, spattered with blood.
Casting: Vampiric Draining (safe; 1% risk of failure)
Confirm with . or Enter, or press ? or * to list all spells.
Aiming: Vampiric Draining (safe; 1% risk of failure)
Press: ? - help, Shift-Dir - straight line, f/p - vault guard
Aim: a vault guard, wielding a +3 great mace and wearing a +0 chain mail (heavily wounded)
You feel a surge of power!
You draw life force from the vault guard!
You feel life coursing into your body! Malevolent energies surge around you.
The human suddenly stops moving!
The vault guard suddenly stops moving!
Your human zombie hits the human.
Your vault guard zombie hits the vault guard but does no damage.
The vault guard barely misses you. You block the vault guard's attack.
The helpless vault guard fails to defend itself.
You spit the vault guard like a pig!!!! You freeze the vault guard!!
You kill the vault guard!
Kikubaaqudgha accepts your kill. You block the human's attack. x2
Unknown command.
Casting: Vampiric Draining (safe; 1% risk of failure)
Confirm with . or Enter, or press ? or * to list all spells.
Aiming: Vampiric Draining (safe; 1% risk of failure)
Press: ? - help, Shift-Dir - straight line, f/p - vault guard
Aim: a vault guard, wielding a +3 great mace and wearing a +0 chain mail (severely wounded)
You feel a surge of power!
You draw life force from the vault guard.
You feel life coursing into your body. Malevolent energies surge around you.
The vault guard suddenly stops moving!
The human is no longer paralysed.
The human hits you.
* * * LOW HITPOINT WARNING * * *
The human is wracked by anguish.
The vault guard hits you with a +3 great mace!
You die...
Kikubaaqudgha rasps: "You have failed me!
Welcome... death!"

.. .....#......
............ .
#.......## #........#
####.......#
...........#+#+#+#+#+#+#
...........'...Zp).....#
..........('.).p@p....∩#
...........'..Zppp.....#
.........#.#+#'#'#'#+#+#
...........#§~~§§~~..§§
...........############
.........#...
.........#....
..............
...........


You could see 2 vault guards, 4 humans, a friendly human zombie and a friendly
vault guard zombie.

Vanquished Creatures
  Gastronok (D:10)
  An orc warlord (Bailey)
  Erolcha (D:9)
  A hydra (D:11)
  3 vault guards (D:13)
  Erica (D:10)
  A boulder beetle (D:10)
  A two-headed ogre (D:8)
  Sonja (D:12)
  5 skeletal warriors (D:13)
  Pikel (D:6)
  An orc knight (Bailey)
  An ugly thing (D:12)
  A cyclops (D:13)
  2 gargoyles
  Maggie (D:9)
  2 trolls
  A hornet (D:11)
  Grinder (D:6)
  Sigmund (D:6)
  3 slime creatures (D:12)
  2 wyverns
  9 yaks
  A vampire (D:10)
  3 humans (D:13)
  4 wraiths
  2 fire elementals (D:11)
  A steam dragon (D:8)
  2 water moccasins (D:7)
  2 hell hounds (D:12)
  17 orc warriors
  A swamp drake (D:9)
  An ice beast (D:5)
  2 sky beasts
  2 black bears
  2 centaurs
  An ogre (D:6)
  2 phantoms
  A kobold brigand (D:10)
  A gnoll sergeant (D:8)
  3 necrophages
  3 bullfrogs (D:7)
  A scorpion (D:5)
  7 wights (D:8)
  6 killer bees
  3 howler monkeys (D:10)
  4 centaur zombies
  A jelly (D:5)
  A human zombie (D:8)
  5 hounds
  3 orc priests
  9 orc wizards
  5 iguanas
  A hell rat (Sewer)
  2 killer bee zombies (D:8)
  8 mummies
  7 adders
  17 gnolls
  5 river rats
  A shadow imp (D:7)
  3 white imps (D:7)
  3 ufetubi
  4 worms
  2 dart slugs
  38 orcs
  5 ball pythons
  4 endoplasms
  4 giant cockroaches
  22 goblins
  12 hobgoblins
  2 jackals (D:3)
  2 quokkas
  7 bats
  A frilled lizard (D:2)
  4 hobgoblin zombies (Ossuary)
  8 kobolds
  6 rats
306 creatures vanquished.

Vanquished Creatures (collateral kills)
  An unseen horror (D:12)
  A hell hound (D:12)
  A howler monkey (D:9)
  An orc (D:9)
  2 hobgoblins
6 creatures vanquished.

Vanquished Creatures (others)
  Azrael (D:12)
  A centaur zombie (D:8)
  A human zombie (D:13)
  A howler monkey zombie (D:10)
  A steam dragon zombie (D:8)
  15 orc zombies
  An orc (D:9)
  A gnoll zombie (Bailey)
  7 goblin zombies (Bailey)
  7 hobgoblin zombies (Bailey)
  A demonic plant (D:7)
  2 plants (D:7)
39 creatures vanquished.

Grand Total: 351 creatures vanquished

Notes
Turn   | Place    | Note
-------+----------+-------------------------------------------
     0 | D:1      | Bnni the Demonspawn Necromancer began the quest for the
                  | Orb.
     0 | D:1      | Reached XP level 1. HP: 13/13 MP: 3/3
   453 | D:1      | Gained mutation: You regenerate a little health from kills.
                  | [demonic ancestry]
   453 | D:1      | Reached XP level 2. HP: 20/20 MP: 5/5
  1149 | D:2      | HP: 1/20 [worm (10)]
  1291 | D:2      | Reached skill level 1 in Fighting
  1291 | D:2      | Reached skill level 5 in Necromancy
  1291 | D:2      | Gained mutation: You have a somewhat thin skeletal
                  | structure. (Dex +2, Stealth+) [demonic ancestry]
  1291 | D:2      | Reached XP level 3. HP: 26/26 MP: 0/6
  1607 | D:2      | Learned a level 3 spell: Vampiric Draining
  2081 | D:3      | Found a glowing drain.
  2095 | Sewer    | Entered a sewer
  2105 | Sewer    | Reached skill level 1 in Short Blades
  2105 | Sewer    | Gained mutation: You have a small tail. [demonic ancestry]
  2105 | Sewer    | Reached XP level 4. HP: 32/32 MP: 3/7
  2202 | Sewer    | Learned a level 4 spell: Animate Dead
  2514 | D:3      | Gained mutation: You have a tail ending in a sharp stinger.
                  | [demonic ancestry]
  2514 | D:3      | Reached XP level 5. HP: 32/38 MP: 6/9
  3462 | D:4      | Reached XP level 6. HP: 44/44 MP: 10/10
  3718 | D:4      | Found a staircase to the Ecumenical Temple.
  3726 | Temple   | Entered the Ecumenical Temple
  4185 | D:4      | Found a snail-covered altar of Cheibriados.
  4273 | D:5      | Entered Level 5 of the Dungeon
  4273 | D:5      | Noticed an ice beast
  4521 | D:5      | Killed an ice beast
  4522 | D:5      | Reached XP level 7. HP: 33/51 MP: 3/11
  4657 | D:5      | Reached skill level 6 in Necromancy
  4848 | D:5      | Found a bloodstained altar of Trog.
  5327 | D:5      | Found an iron altar of Okawaru.
  5614 | D:6      | Noticed Grinder
  5624 | D:6      | Paralysed by Grinder for 3 turns
  5648 | D:6      | Killed Grinder
  5649 | D:6      | Reached skill level 5 in Stealth
  5649 | D:6      | Gained mutation: Spells you cast may paralyse adjacent
                  | enemies. [demonic ancestry]
  5649 | D:6      | Reached XP level 8. HP: 15/60 MP: 12/12
  5851 | D:6      | Found a sacrificial altar of Ru.
  6039 | D:6      | Noticed Sigmund
  6062 | D:6      | Killed Sigmund
  6063 | D:6      | Reached skill level 5 in Short Blades
  6146 | D:6      | Learned a level 5 spell: Agony
  6168 | D:6      | Noticed Pikel
  6178 | D:6      | Killed Pikel
  6179 | D:6      | Reached skill level 7 in Necromancy
  6179 | D:6      | Reached XP level 9. HP: 59/66 MP: 13/13
  6219 | D:6      | Found Wyrphoibu's Assorted Antiques.
  6224 | D:6      | Bought a bone short sword for 248 gold pieces
  6224 | D:6      | Identified the +6 short sword "Uphihob" {venom, *Corrode
                  | rElec rPois Str+7} (You bought it in a shop on level 6 of
                  | the Dungeon)
  6581 | D:7      | Found a radiant altar of Vehumet.
  6905 | D:7      | Reached skill level 5 in Fighting
  7372 | D:8      | Found an ancient bone altar of Kikubaaqudgha.
  7377 | D:8      | Became a worshipper of Kikubaaqudgha
  7752 | D:8      | Found a sand-covered staircase.
  7766 | Ossuary  | Entered an ossuary
  7911 | Ossuary  | Reached skill level 8 in Necromancy
  8343 | D:8      | Noticed a two-headed ogre
  8352 | D:8      | Killed a two-headed ogre
  8353 | D:8      | Reached skill level 1 in Ice Magic
  8353 | D:8      | Gained mutation: You have a moderately thin skeletal
                  | structure. (Dex +4, Stealth++) [demonic ancestry]
  8353 | D:8      | Reached XP level 10. HP: 76/76 MP: 15/15
  8420 | D:8      | Reached * piety under Kikubaaqudgha
  8420 | D:8      | Received a gift from Kikubaaqudgha
  9022 | D:8      | Learned a level 2 spell: Cigotuvi's Dreadful Rot
  9105 | D:9      | Found a blossoming altar of Fedhas.
  9257 | D:9      | Noticed Erolcha
  9263 | D:9      | Killed Erolcha
  9328 | D:9      | Found a staircase to the Orcish Mines.
  9447 | D:9      | Noticed Maggie
  9450 | D:9      | Found a stormy altar of Qazlal.
  9452 | D:9      | Killed Maggie
  9541 | D:9      | Found a staircase to the Lair.
 10031 | D:10     | Entered Level 10 of the Dungeon
 10049 | D:10     | Noticed Gastronok
 10072 | D:10     | Killed Gastronok
 10073 | D:10     | Reached skill level 1 in Shields
 10073 | D:10     | Reached skill level 9 in Necromancy
 10218 | D:10     | Gained mutation: You have an unnaturally thin skeletal
                  | structure. (Dex +6, Stealth+++) [demonic ancestry]
 10218 | D:10     | Reached XP level 11. HP: 82/82 MP: 17/17
 10221 | D:10     | Noticed Erica
 10244 | D:10     | Killed Erica
 10473 | D:10     | Found an ornate altar of the Wu Jian Council.
 10528 | D:10     | Reached ** piety under Kikubaaqudgha
 10651 | D:10     | Found a flagged portal.
 10675 | Bailey   | Entered a bailey
 10680 | Bailey   | Learned a level 3 spell: Ozocubu's Armour
 11001 | Bailey   | Noticed an orc knight
 11004 | Bailey   | Reached *** piety under Kikubaaqudgha
 11004 | Bailey   | Received a gift from Kikubaaqudgha
 11010 | Bailey   | Killed an orc knight
 11209 | Bailey   | Noticed an orc warlord
 11521 | Bailey   | Acquired the +3 warlock's mirror {reflect}
 11521 | Bailey   | Found the +3 warlock's mirror {reflect}
 11523 | Bailey   | Acquired the ring "Xomupleu" {Fly Str+6 Int+4 Slay+2}
 11607 | Bailey   | Killed an orc warlord
 11608 | Bailey   | Reached skill level 5 in Spellcasting
 11940 | D:10     | Found a burning altar of Makhleb.
 11940 | D:10     | Noticed a balrug
 11945 | D:10     | Reached XP level 12. HP: 89/89 MP: 25/25
 11951 | D:10     | Learned a level 4 spell: Dispel Undead
 12071 | D:10     | Found a transporter.
 12071 | D:10     | Found a transporter.
 12072 | D:10     | Noticed a boulder beetle
 12135 | D:10     | Killed a boulder beetle
 12275 | D:11     | Paralysed by a hornet for 2 turns
 12281 | D:11     | Reached skill level 10 in Necromancy
 12480 | D:11     | Noticed a four-headed hydra
 12486 | D:11     | Killed a four-headed hydra
 12699 | D:11     | Learned a level 4 spell: Anguish
 13010 | D:12     | Found the +0 staff of Battle
 13279 | D:12     | Noticed Sonja
 13289 | D:12     | Killed Sonja
 13363 | D:12     | Noticed Azrael
 13565 | D:12     | Reached **** piety under Kikubaaqudgha
 13749 | D:12     | Killed Azrael
 13750 | D:12     | Reached XP level 13. HP: 16/96 MP: 26/26
 14435 | D:13     | HP: 2/96 [skeletal warrior/+0 halberd (17)]
 14695 | D:12     | Learned a level 6 spell: Death Channel
 14813 | D:13     | Identified the ring "Suoretzi" {rElec rF+ Str+6 Int-5}
 14832 | D:13     | Reached skill level 10 in Spellcasting
 14833 | D:13     | Reached skill level 10 in Stealth
 14833 | D:13     | Reached skill level 5 in Shields
 14834 | D:13     | Found a gate to the Vaults.
 14838 | D:13     | Reached skill level 11 in Necromancy
 14846 | D:13     | Mangled by a vault guard

Illustrated notes

Levels and vault maps discovered:
D:1:      lightli_arrival_statue_moat, layout_basic
D:2:      layout_basic
D:3:      layout_loops_ring, portal_sewer_entry_a
D:4:      nicolae_BIG_FREAKIN_CUBE, layout_basic, cheibriados_altar_1,
          kennysheep_mini, overflow_temple_1_default, minmay_temple_entry_glass
D:5:      layout_cave_pods, mainiacjoe_overflow_alcove_2,
          mainiacjoe_overflow_concentric_impassable, minmay_between
D:6:      layout_loops_ring, nicolae_ru_the_path_less_chosen, serial_shops,
          shop, uniq_grinder, uniq_pikel, uniq_sigmund
D:7:      layout_cave_pools, kennysheep_mini_moat, serial_demonic,
          serial_demonic_g, serial_demonic_a, serial_demonic_b,
          serial_demonic_b, serial_bayou_pond_b
D:8:      layout_basic, lemuel_mausoleum_altar_kikubaaqudgha, enter_ossuary_3,
          minmay_misc_feat_room
D:9:      layout_long_grid, mainiacjoe_overflow_cross_hatched,
          mainiacjoe_overflow_six_doors_small, lair_entry_dummy, erik_orc_1,
          uniq_erolcha, uniq_maggie
D:10:     gammafunk_boulding_lane, layout_loops_ring, makhleb_altar_promises_db,
          mainiacjoe_overflow_boulevard, enter_bailey_7, uniq_erica,
          uniq_gastronok
D:11:     layout_rooms
D:12:     layout_long_grid, uniq_azrael, uniq_sonja
D:13:     layout_cave_pools, ximxim_vaults_locker_room
Temple:   chequers_temple_sunken

Skill      XL: |  1  2  3  4  5  6  7  8  9 10 11 12 13 |
---------------+----------------------------------------+-----
Fighting       | 1 2 3 4 5 6 7 |  7.5
Necromancy     | 5 6 7 8 9 10 11 | 11.0
Stealth        | 2 3 5 6 8 9 10 | 10.0
Short Blades   | 1 2 3 4 5 7 8 9 |  9.8
Spellcasting   | 3 4 9 10 | 10.0
Ice Magic      | 1 2 3 4 |  4.3
Shields        | 1 2 4 5 |  5.0
Dodging        | |  1.7

Action                   |  1- 3 |  4- 6 |  7- 9 | 10-12 | 13-15 || total
-------------------------+-------+-------+-------+-------+-------++-------
Melee: Short sword       |    42 |       |   130 |    28 |       ||   200
       Unarmed           |    11 |       |       |       |       ||    11
       Dagger            |    39 |    93 |   175 |   360 |    41 ||   708
       Tailslap          |       |    24 |    52 |    88 |     6 ||   170
       Punch             |       |       |     9 |     3 |       ||    12
       Spear             |       |       |       |     2 |       ||     2
Throw: Dart              |       |     1 |       |    12 |       ||    13
 Cast: Necrotise         |    35 |    25 |    28 |     1 |       ||    89
       Vampiric Draining |       |     4 |    24 |    13 |     5 ||    46
       Animate Dead      |       |       |     3 |    12 |     2 ||    17
       Agony             |       |       |       |    23 |       ||    23
       Ozocubu's Armour  |       |       |       |     5 |     3 ||     8
       Cigotuvi's Dreadf |       |       |       |     2 |       ||     2
       Anguish           |       |       |       |     2 |     3 ||     5
       Dispel Undead     |       |       |       |     1 |     7 ||     8
  Use: Scroll            |       |       |       |    17 |     2 ||    19
       Potion            |       |       |       |     5 |     4 ||     9
 Stab: Sleeping          |     4 |     6 |    12 |    25 |     6 ||    53
       Paralysed         |       |       |    10 |    34 |     4 ||    48
       Distracted        |       |       |     1 |     4 |       ||     5
       Confused          |       |       |       |     2 |       ||     2
Armor: Robe              |    12 |    13 |    44 |    27 |    20 ||   116
       Steam dragon scal |       |       |       |    49 |       ||    49
Dodge: Dodged            |    43 |    51 |   164 |   133 |    26 ||   417
Block: Buckler           |       |       |       |    23 |    16 ||    39
       Reflection        |       |       |       |     2 |       ||     2

Table legend: (Time is in decaauts)
 A = Elapsed time spent in this place.
 B = Non-inter-level travel time spent in this place.
 C = Inter-level travel time spent in this place.
 D = Time resting spent in this place.
 E = Time spent auto-exploring this place.
 F = Levels seen in this place.
 G = Mean time per level.
                   A        B        C        D        E       F      G
               +--------+--------+--------+--------+--------+-----+--------+
         Total |  14633 |  14083 |    550 |   2671 |   8538 |  17 |  860.8 |
       Dungeon |  12970 |  12420 |    550 |   2150 |   8085 |  13 |  997.7 |
        Temple |    255 |    255 |      0 |      0 |    243 |   1 |  255.0 |
         Sewer |    235 |    235 |      0 |    120 |      1 |   1 |  235.0 |
       Ossuary |    173 |    173 |      0 |     80 |      0 |   1 |  173.0 |
        Bailey |    998 |    998 |      0 |    320 |    209 |   1 |  998.0 |
               +--------+--------+--------+--------+--------+-----+--------+

Top non-repeatable levels by time:
     D:8: 1528 daAuts
    D:11: 1282 daAuts
    D:12: 1132 daAuts
     D:4: 1127 daAuts
     D:1: 1121 daAuts
     D:5: 1111 daAuts
    D:10: 1092 daAuts
  Bailey: 998 daAuts
     D:9: 977 daAuts
     D:3: 913 daAuts
     D:2: 874 daAuts
     D:6: 834 daAuts
     D:7: 798 daAuts
  Temple: 255 daAuts
   Sewer: 235 daAuts
